Cogmind - Beta 15 @@@ ROGUE MODE // 2025.09.12 @ 22:17:20 Player: cottonman132 Result: Destroyed by S-10 Pest with Light Assault Rifle Performance ------------- Evolutions (2) 1000 Regions Visited (4) 800 Robots Destroyed (13) 65 Value Destroyed (823) 823 Prototype IDs (0) 0 Alien Tech Used (0) 0 Bonus (670) 670 TOTAL SCORE: 3358 Bonus ------- Pacifist 470 Entered Garrisons 200 Cogmind --------- Core Integrity 0/550 Matter 300/300 Energy 100/100 System Corruption 6% Temperature Cool (0) Movement Core (50) Location -8/Garrison Parts ------- > --- POWER (1) -------- (None) > --- PROPULSION (2) --- (None) > --- UTILITY (6) ------ Melee Analysis Suite > --- WEAPON (2) ------- (None) > --- INVENTORY (5) ---- Light Nuclear Core Aluminum Leg Large Storage Unit Heavy Hammer Katana Peak State ------------ > --- POWER ------------ Light Nuclear Core > --- PROPULSION ------- Carbon-fiber Leg Carbon-fiber Leg > --- UTILITY ---------- Small Storage Unit Advanced Visual Processing Unit Melee Analysis Suite Heavy Armor Plating Reflective Plating > --- WEAPON ----------- Heavy Flail Katana > --- INVENTORY -------- Light Nuclear Core Light Nuclear Core Aluminum Leg Aluminum Leg Large Storage Unit Reactive Plating Heavy Hammer [Rating: 32] Favorites ----------- Power Light Ion Engine Engine Light Ion Engine Power Core Light Nuclear Core Propulsion Aluminum Leg Leg Aluminum Leg Utility Small Storage Unit Storage Small Storage Unit Processor Advanced Visual Processing Unit Protection Reflective Plating Weapon Katana Impact Weapon Heavy Flail Slashing Weapon Katana Build | -11 -10 -9 -8 -8 ------- Run | Yrd Mat Mat Mat Gar Slots Evolved 4 | . . 2 2 . Power . | . . . . . Propulsion . | . . . . . Utility 4 | . . 2 2 . Weapon . | . . . . . Parts Attached 19 | 4 . . 12 3 Power 4 | 1 . . 2 1 Engine 2 | 1 . . 1 . Core 2 | . . . 1 1 Reactor . | . . . . . Propulsion 6 | 2 . . 4 . Treads . | . . . . . Leg 6 | 2 . . 4 . Wheel . | . . . . . Hover . | . . . . . Flight . | . . . . . Utility 6 | 1 . . 3 2 Device . | . . . . . Storage 1 | 1 . . . . Processor 2 | . . . 1 1 Hackware . | . . . . . Protection 3 | . . . 2 1 Artifact . | . . . . . Weapon 3 | . . . 3 . Energy Gun . | . . . . . Energy Cannon . | . . . . . Ballistic Gun . | . . . . . Ballistic Cannon . | . . . . . Launcher . | . . . . . Special Weapon . | . . . . . Impact Weapon 2 | . . . 2 . Slashing Weapon 1 | . . . 1 . Piercing Weapon . | . . . . . Special Melee Weapon . | . . . . . Unidentified Prototypes . | . . . . . Parts Lost 15 | . . . 4 11 Power 4 | . . . 2 2 Propulsion 5 | . . . 2 3 Utility 5 | . . . . 5 Weapon 1 | . . . . 1 Highest Loss Streak 5 | . . . 2 5 To Critical Strikes . | . . . . . Average Backups 2 | . 1 1 3 5 Power 1 | . 1 1 1 1 Propulsion . | . . . 1 1 Utility . | . . . 1 1 Weapon . | . . . . 1 Tool/Special . | . . . . . Unused Backups 3 | . . . . 3 Power 1 | . . . . 1 Propulsion . | . . . . . Utility 1 | . . . . 1 Weapon 1 | . . . . 1 Tool/Special . | . . . . . Average Slot Usage (%) 61 | . 57 44 65 67 Engine 5 | . 14 11 2 . Core 4 | . . . 6 7 Leg 19 | . 28 22 17 14 Storage 10 | . 14 11 9 8 Processor 5 | . . . 7 9 Protection 6 | . . . 9 11 Impact Weapon 4 | . . . 5 7 Slashing Weapon 5 | . . . 8 7 Peak Build Rating 32 | 4 4 4 29 32 Average Rating 13 | 3 4 4 19 22 On Entrance 8 | . 4 4 4 29 Naked Turns . | . . . . . Heaviest Build 44 | 8 8 8 34 44 Greatest Support 32 | 20 20 20 32 30 Greatest Overweight (x) 3 | . . . 1 3 Average Overweight (x) . | . . . . . Largest Inventory Capacity 8 | 8 8 8 8 8 Average Capacity 7 | 7 8 8 8 7 Most Carried 8 | 2 1 1 7 8 Average Carried 2 | . 1 1 3 5 Final Capacity 8 | 8 8 8 8 5 Final Carried 7 | 1 1 1 7 5 Class Distribution -------------------- 88% | Mutant 7% | Scavenger-Gladiator 4% | Gladiator Dominant Class ---------------- Mutant | -10/Materials Mutant | -9/Materials Mutant | -8/Materials Scavenger-Gladiator | -8/Garrison Resources | -11 -10 -9 -8 -8 ----------- Run | Yrd Mat Mat Mat Gar Matter Collected 387 | 217 . . 99 71 Remotely . | . . . . . Salvage Created 702 | . . . 478 224 Parts 39 | . . . 28 11 Haulers Intercepted . | . . . . . Recyclers Shooed 1 | . . . 1 . Parts Field Recycled . | . . . . . Retrieved Matter . | . . . . . Parts Self-Destructed . | . . . . . Prevented . | . . . . . Kills | -11 -10 -9 -8 -8 ------- Run | Yrd Mat Mat Mat Gar Combat Hostiles Destroyed 12 | . . . 7 5 Melee 12 | . . . 7 5 Classes Destroyed 7 | . . . 5 2 Watcher 1 | . . . 1 . Grunt 3 | . . . 3 . Brawler 2 | . . . 1 1 Duelist 1 | . . . . 1 Sentry 1 | . . . 1 . Hunter 2 | . . . 2 . Programmer 3 | . . . . 3 Best Kill Streak 3 | . . . 2 3 Combat Bots Only 3 | . . . 2 3 Max Kills in Single Turn 1 | . . . 1 1 Gunslinging . | . . . . . Exploded . | . . . . . Melee 1 | . . . 1 1 Uniques/NPCs Destroyed . | . . . . . Combat | -11 -10 -9 -8 -8 -------- Run | Yrd Mat Mat Mat Gar Hostile Shots Fired 245 | . 22 24 68 131 Missed 70 | . 3 14 21 32 Hits 175 | . 19 10 47 99 Melee 2 | . . . . 2 Projectile 173 | . 19 10 47 97 Critical Strikes 8 | . . . 3 5 Damage Taken 2299 | . 161 162 682 1294 Core 667 | . 34 79 112 442 Absorbed by Shields 13 | . . . . 13 Ignored by Resistances 16 | . . . 16 . Core Remaining (%) 88 | 100 86 80 . . Volleys Fired . | . . . . . Largest . | . . . . . Hottest . | . . . . . Shots Fired . | . . . . . Gun . | . . . . . Cannon . | . . . . . Launcher . | . . . . . Special . | . . . . . Kinetic . | . . . . . Thermal . | . . . . . Explosive . | . . . . . Electromagnetic . | . . . . . Robot Hit Streak . | . . . . . Robot Miss Streak . | . . . . . Penetration Max . | . . . . . Secondary Targets . | . . . . . Shots Hit Robots 43 | . . . 28 15 Core Hits 18 | 1 . . 11 6 Critical Kills . | . . . . . Critical Parts Destroyed 3 | . . . 2 1 Critical Strikes 3 | . . . 2 1 Smash 3 | . . . 2 1 Melee Attacks 68 | . . . 39 29 Impact 43 | . . . 19 24 Slashing 25 | . . . 20 5 Piercing . | . . . . . Sneak Attacks 4 | . . . 4 . Combat Hostiles 2 | . . . 2 . Follow-up Attacks 8 | . . . 4 4 Damage Inflicted 2093 | 65 11 2 1413 602 Guns . | . . . . . Cannons . | . . . . . Explosions . | . . . . . Melee 2006 | . . . 1413 593 Ramming 87 | 65 11 2 . 9 Kinetic . | . . . . . Thermal . | . . . . . Explosive . | . . . . . Electromagnetic . | . . . . . Impact 1348 | . . . 885 463 Slashing 658 | . . . 528 130 Piercing . | . . . . . Highest Corruption 6 | . . . . 6 Average Corruption 5 | . . . . 5 Corruption Purged . | . . . . . Corruption Blocked . | . . . . . Effects 5 | . . . . 5 Message Errors 1 | . . . . 1 Matter Fused 1 | . . . . 1 Energy Discharges 1 | . . . . 1 Parts Rejected 2 | . . . . 2 Overload Shots . | . . . . . Overflow Damage 450 | . . . 311 139 Projectiles . | . . . . . Explosions . | . . . . . Melee 450 | . . . 311 139 Knockbacks 2 | . . . 2 . Impact 2 | . . . 2 . Kinetic . | . . . . . Secondary . | . . . . . Self-Inflicted Damage 4 | . . . . 4 Shots . | . . . . . Rammed 1 | . . . . 1 Targets Rammed 32 | 26 4 1 . 1 Kicked 31 | 26 4 1 . . Crushed . | . . . . . Highest Temperature 18 | . . . 14 18 Average Temperature 9 | . . . 8 10 Received Heat Transfer 633 | . 12 18 297 306 Siege Activations . | . . . . . Martial Activations . | . . . . . Shielding Activations . | . . . . . Robots Disrupted . | . . . . . Combat Hostiles . | . . . . . Robots Corrupted 1 | . . . 1 . Combat Hostiles . | . . . . . Parts Fried 2 | . . . 2 . Impact Corruptions 21 | . . . 13 8 Robots Melted . | . . . . . Combat Hostiles . | . . . . . Parts Melted . | . . . . . Heat Transferred . | . . . . . Parts Sabotaged . | . . . . . Parts Stolen . | . . . . . Parts Stripped . | . . . . . Power Chain Reactions . | . . . . . Alert | -11 -10 -9 -8 -8 ------- Run | Yrd Mat Mat Mat Gar Maximum Alert Level . | . . . . . Low Security (%) 100 | 100 100 100 100 100 Level 1 . | . . . . . Level 2 . | . . . . . Level 3 . | . . . . . Level 4 . | . . . . . Level 5 . | . . . . . High Security . | . . . . . Max Security . | . . . . . Peak Influence 176 | . 20 . 165 176 Initial 50 | . . . . 50 Average 48 | . 1 . 66 131 Influence Increases 620 | . 20 . 379 221 Destroy 0b10 Robot/C 240 | . . . 140 100 Destroy 0b10 Robot/NC 20 | . . . 20 . Destroy Leader 52 | . . . 52 . Successful Hack 21 | . 5 . . 16 Anti-Garrison Action 50 | . . . . 50 Destroy Structure 12 | . . . 2 10 Lose Combat Pursuer 225 | . 15 . 165 45 Influence Decreases 459 | . 20 . 301 138 Entered New Map 28 | . . . . 28 Time Decay 311 | . 20 . 291 . Lost Part 120 | . . . 10 110 Squads Dispatched 1 | . 1 . . . Investigation . | . . . . . Extermination . | . . . . . Reinforcement 1 | . 1 . . . Assault . | . . . . . Garrison . | . . . . . Intercept . | . . . . . Searches Triggered . | . . . . . Construction Impeded . | . . . . . Haulers Reinforced . | . . . . . Active Scanning Responses . | . . . . . Cargo Convoy Interrupts . | . . . . . Stealth | -11 -10 -9 -8 -8 --------- Run | Yrd Mat Mat Mat Gar Distress Signals 4 | . 2 . 2 . Communications Jammed . | . . . . . Distress Signals . | . . . . . Times Spotted 49 | . 10 3 18 18 Peak Tracking Total 9 | . 5 2 7 9 Tactical Retreats 8 | . 1 . 5 2 Traps | -11 -10 -9 -8 -8 ------- Run | Yrd Mat Mat Mat Gar Traps Triggered 1 | . . . . 1 Indirectly . | . . . . . Trap Hack Attempts . | . . . . . Triggered . | . . . . . Disarmed . | . . . . . Reprogrammed . | . . . . . Reused . | . . . . . Traps Extracted . | . . . . . Installed . | . . . . . Triggered . | . . . . . Machines | -11 -10 -9 -8 -8 ---------- Run | Yrd Mat Mat Mat Gar Machines Disabled 1 | . . . . 1 Max in Single Turn 1 | . . . . 1 Garrison Relay 2 | . . . . 2 Machines Repaired . | . . . . . Machines Dismantled . | . . . . . Machines Sabotaged . | . . . . . Overloaded Fab Kills . | . . . . . Hacking | -11 -10 -9 -8 -8 --------- Run | Yrd Mat Mat Mat Gar Machines Accessed 7 | . 2 1 3 1 Terminals 4 | . 2 . 1 1 Fabricators . | . . . . . Repair Stations . | . . . . . Recycling Units 2 | . . 1 1 . Scanalyzers . | . . . . . Garrison Access 1 | . . . 1 . Total Hacks 12 | . 3 1 7 1 Successful 8 | . 3 1 3 1 Failed 4 | . . . 4 . Catastrophic . | . . . . . Database Lockouts . | . . . . . Manual 2 | . . . 2 . Terminals 6 | . 3 . 2 1 Fabricators . | . . . . . Repair Stations . | . . . . . Recycling Units 5 | . . 1 4 . Scanalyzers . | . . . . . Garrison Access 1 | . . . 1 . Terminal Hacks 4 | . 3 . . 1 Robot Analysis 1 | . 1 . . . Registered Components 1 | . 1 . . . Zone Layout 1 | . 1 . . . Security Stations 1 | . . . . 1 Fabricator Hacks . | . . . . . Repair Station Hacks . | . . . . . Recycling Unit Hacks 3 | . . 1 2 . Report Inventory 2 | . . 1 1 . Retrieve Components 1 | . . . 1 . Scanalyzer . | . . . . . Garrison Access Hacks 1 | . . . 1 . Unlock Access 1 | . . . 1 . Unauthorized Hacks . | . . . . . Terminals . | . . . . . Fabricators . | . . . . . Repair Stations . | . . . . . Recycling Units . | . . . . . Scanalyzers . | . . . . . Garrison Access . | . . . . . Data Cores Recovered . | . . . . . Used . | . . . . . Hacking Detections 4 | . 1 . 2 1 Full Trace Events . | . . . . . Feedback Events . | . . . . . Feedback Blocked . | . . . . . Robot Schematics Acquired . | . . . . . Robots Built . | . . . . . Authchips . | . . . . . Time . | . . . . . Total Robot Build Rating . | . . . . . Part Schematics Acquired . | . . . . . Parts Built . | . . . . . Authchips . | . . . . . Time . | . . . . . Total Part Build Rating . | . . . . . Parts Repaired . | . . . . . Time . | . . . . . Parts Recycled . | . . . . . Recycled Matter . | . . . . . Retrieved Matter . | . . . . . Retrieved Components 3 | . . . 3 . Parts Scanalyzed . | . . . . . Part Schematics Acquired . | . . . . . Parts Damaged . | . . . . . Bothacking | -11 -10 -9 -8 -8 ------------ Run | Yrd Mat Mat Mat Gar Used RIF Installer . | . . . . . Robots Hacked . | . . . . . Non-combat . | . . . . . Combat . | . . . . . Robot Hacks Applied . | . . . . . Relay Couplers Released 7 | . . . . 7 Machine Destruction 7 | . . . . 7 Fabnet Peak Effective % . | . . . . . Robots Rewired . | . . . . . Allies Hacked . | . . . . . Hacks Repelled . | . . . . . Allies | -11 -10 -9 -8 -8 -------- Run | Yrd Mat Mat Mat Gar Total Allies . | . . . . . Largest Group . | . . . . . Highest-Rated Group . | . . . . . Highest-Rated Ally . | . . . . . Total Orders . | . . . . . Ally Attacks . | . . . . . Total Damage . | . . . . . Kills . | . . . . . Allies Corrupted . | . . . . . Allies Melted . | . . . . . Intel | -11 -10 -9 -8 -8 ------- Run | Yrd Mat Mat Mat Gar Active Infowar (turns) 763 | . . . 693 70 Optics 763 | . . . 693 70 Robot Analysis Total 1 | . 1 . . . Derelict Logs Recovered . | . . . . . Drone Launches . | . . . . . Drone Recoveries . | . . . . . Exploration | -11 -10 -9 -8 -8 ------------- Run | Yrd Mat Mat Mat Gar Turns Passed 2009 | 308 316 236 822 327 Spaces Moved 1286 | 226 258 196 430 176 Core 44 | 6 . . . 38 Treads . | . . . . . Legs 1242 | 220 258 196 430 138 Wheels . | . . . . . Hover . | . . . . . Flight . | . . . . . Fastest Speed 50 | 50 120 120 120 50 Average Speed 132 | 118 120 120 152 136 Slowest Speed 200 | 120 120 120 190 200 Overloaded Moves . | . . . . . Propulsion Burnouts . | . . . . . Robots Hopped . | . . . . . Potential Cave-ins . | . . . . . Cave-ins Triggered . | . . . . . Exploration Rate (%) 25 | 7 41 21 27 30 Regions Visited 4 Branch Regions . Pre-discovered Areas . | . . . . . Known Exits Taken 1 | . . . 1 . Unknown Exits Taken 3 | 1 1 1 . . Scrap Searched . | . . . . . Spaces Dug 2 | . . . 2 . Terrain Destroyed 2 | . . . 2 . Melee 2 | . . . 2 . Projectile . | . . . . . AOE . | . . . . . Terrain Rammed . | . . . . . Walls Destroyed . | . . . . . Machines Disabled . | . . . . . Actions | -11 -10 -9 -8 -8 --------- Run | Yrd Mat Mat Mat Gar Total 1490 | 262 263 196 542 227 Wait 62 | 2 2 . 48 10 Move 1280 | 225 257 195 430 173 Hop . | . . . . . Pick Up 23 | 5 . . 15 3 Fast Attach . | . . . . . Attach 18 | 4 . . 9 5 Detach . | . . . . . Swap 6 | . . . 6 . Drop . | . . . . . Fire . | . . . . . Melee 58 | . . . 34 24 Ram 1 | . . . . 1 Kick 31 | 26 4 1 . . Crush . | . . . . . Escape Stasis 11 | . . . . 11 Rewire . | . . . . . Trap . | . . . . . Miscellaneous . | . . . . . Route ------- -11/Scrapyard -10/Materials -9/Materials -8/Materials -8/Garrison (discovered 1 exit: [*Mat]) History --------- Turn | Location | Event 5 | -11/Scrapyard | Discovered new exit (range 16) 309 | -11/Scrapyard | Entered Materials 310 | -10/Materials | Build established: Mutant 605 | -10/Materials | Discovered new exit (range 16) 625 | -10/Materials | Entered another Materials area 625 | -9/Materials | Evolved 2 slots: Utility x2 843 | -9/Materials | Discovered new exit (range 10) 861 | -9/Materials | Entered another Materials area 861 | -8/Materials | Evolved 2 slots: Utility x2 1683 | -8/Materials | Identified exit to Garrison 1683 | -8/Materials | Entered Garrison 1705 | -8/Garrison | Triggered checkpoint 1762 | -8/Garrison | Garrison Relay disabled 1853 | -8/Garrison | Lost 4 parts (1p1n2u) 1866 | -8/Garrison | Learned Materials security intel 1909 | -8/Garrison | Triggered checkpoint 1919 | -8/Garrison | Triggered checkpoint 1919 | -8/Garrison | Triggered checkpoint 1958 | -8/Garrison | Core integrity fell below 50% 1972 | -8/Garrison | Discovered new exit (range 10) 1983 | -8/Garrison | Attempted to access garrison exit controls, blocked by remote lockdown 1993 | -8/Garrison | Core integrity fell below 20% 2007 | -8/Garrison | Triggered checkpoint 2010 | -8/Garrison | Destroyed by S-10 Pest with Light Assault Rifle Last Messages --------------- 01987_ S-10 Pest destroyed. 01990_ Sml. Storage Unit destroyed. 01996_ Critical hit (Burn: +37). 02000_ Triggered Stasis Trap. 02000_ A bubble of rippling energy engulfs the area. 02000_ Field strength at 94. 02000_ Field strength at 88. 02001_ Field strength at 82. 02002_ Field strength at 76. 02003_ Field strength at 70. 02004_ Field strength at 64. 02005_ Field strength at 58. 02006_ Field strength at 50. 02007_ Beams of light sweep through the air. An alarm sounds. 02007_ Field strength at 41. 02008_ Field strength at 32. 02009_ Field strength at 26. 02010_ Field strength at 18. Map ----- +----------------------------------------------------+ | | | | | | | | | | | | | | | | | | | | | ??????????????????????????????????? | | ??????????????????????????????????? | | ??????????????????????????????????? | | ??????????????????????????????????? | | ??????????????????????????????????? | | ??????????????????????????????????? | | ??????????????????????????????????? | | ??????????????????????????????????? | | ??????????????????????????????????? | | ???????????????###????????????????? | | ?????????#######T##########???????? | | ?????????# s #???????? | | ?????????# s #???????? | | ?????????# ### ######s #???????? | | ?????????# #?# #????# #???????? | | ?????????# #?#####????# @#???????? | | ?????????# #????????# d "??????? | | ?????????# %#????????# "#?????? | | ?????????# =#????????# i "#?????? | | ?????????# #????????### #"#?????? | | ???????### #??????????# ###?????? | | ???????# #??????????# #???????? | | ???????# < #??????????# #???????? | | ???????# #??????????####???????? | | ???????###% #?????????????????????? | | ?????????# #?????????????????????? | | ?????????# #?????????????????????? | | ?????????# #?????????????????????? | | ?????????# #?????????????????????? | | ?????????# #?????????????????????? | | ?????????# #?????????????????????? | | ?????????# #?????????????????????? | | ########## #?????????????????????? | | #?????????????????????? | | / #?????????????????????? | | #############?????????????????????? | | ??????????????????????????????????? | | ??????????????????????????????????? | | ??????????????????????????????????? | | ??????????????????????????????????? | +----------------------------------------------------+ Best States ------------- Heat Dissipation 31 Energy Generation 14 Energy Capacity 160 Matter Stores 300 Matter Capacity 300 Sight Range 20 Terrain Scan Density 10 Armor Coverage 900 Resistance: KI 20 Resistance: TH 10 Evasion (%) 55 Melee Accuracy 5 Item Schematics ----------------- None Robot Schematics ------------------ None Fabricated ------------ Nothing Repaired ---------- Nothing Alien Tech Used ----------------- None Achievements -------------- None Challenges ------------ None Game ------ Seed TransportThermicStick Manual? 0 Play Time 00:20:17 Cumulative 6.8 hours Start 2025.09.12 @ 22:00:12 End 2025.09.12 @ 22:17:20 Sessions 1 Manual Loads 0 Difficulty Rogue Special Mode None Game No. 16 Rogue 16 Adventurer 0 Explorer 0 Win Type - Total 0 Types 0/0/0/0/0/0/0/0/0/0 Lore% 10 Gallery% 9 Achievement% 14 Wizard Run 0 Options --------- Layout 2 ASCII 0 Keyboard 0 Movement Mouse Keybinds 0 Fullscreen 1 Font 24/Smallcaps Map View 50x44 Zoom Use 0% Tactical HUD 1 Map Filters NONE Filters NONE Steam 1 RUN: d60bfab4-b9af-44d0-9d65-78fff7b8089d